 Dungeon Sprint DCSS version 0.31-a0-152-g6aa68a64a1 (webtiles) character file.

Game seed: 5552747770743337543

944 zazu2006 the Prestidigitator (level 8, -5/65 HPs)
             Began as a Gnoll Wanderer on June 10, 2023.
             Was an Initiate of Vehumet.
             Slain by an iron imp (8 damage)
             ... summoned by a kobold demonologist
             ... in the Dungeon (Sprint I: "Red Sonja").
             The game lasted 00:04:03 (883 turns).

zazu2006 the Prestidigitator (Gnoll Wanderer)        Turns: 883, Time: 00:04:04

Health: -5/65      AC:  3    Str: 14    XL:     8   Next: 12%
Magic:  17/17      EV: 14    Int: 10    God:    Vehumet [......]
Gold:   405        SH:  0    Dex: 13    Spells: 19/19 levels left

rFire   . . .        a - +2 short sword
rCold   . . .        (no shield)
rNeg    . . .        e - +0 leather armour
rPois   .            (no helmet)
rElec   .            (no cloak)
rCorr   .            (no gloves)
SInv    .            (no boots)
Will    .....        (no amulet)
Stlth   +++          (no ring)
HPRegen 0.30/turn    (no ring)
MPRegen 0.15/turn

%: no teleportation
@: no status effects
A: fangs 1, strong nose, distributed training
a: Renounce Religion


You were in the Dungeon.
You worshipped Vehumet.
Vehumet was noncommittal.
You visited 1 branch You collected 405 gold pieces.

Inventory:

Hand Weapons
 a - a +2 short sword (weapon)
 b - a +0 mace
 h - a +0 scythe
Missiles
 f - 2 curare-tipped darts
Armour
 e - a +0 leather armour (worn)
Wands
 c - a wand of polymorph (5) (quivered)
Scrolls
 d - a scroll of fog
 g - a scroll of identify {unknown}
 k - a scroll of blinking
Potions
 i - 2 potions of magic


   Skills:
 + Level 6.4 Fighting
 + Level 8.0 Short Blades
 + Level 6.4 Long Blades
 + Level 6.4 Axes
 + Level 9.2 Maces & Flails
 + Level 6.4 Polearms
 + Level 6.4 Staves
 + Level 6.4 Ranged Weapons
 + Level 6.4 Throwing
 + Level 6.4 Armour
 + Level 7.0 Dodging
 + Level 6.4 Stealth
 + Level 6.4 Shields
 + Level 6.4 Unarmed Combat
 + Level 6.4 Spellcasting
 + Level 5.3 Conjurations
 + Level 5.3 Hexes
 + Level 5.3 Summonings
 + Level 5.3 Necromancy
 + Level 5.3 Translocations
 + Level 5.3 Transmutations
 + Level 5.3 Fire Magic
 + Level 5.3 Ice Magic
 + Level 5.3 Air Magic
 + Level 5.3 Earth Magic
 + Level 5.3 Poison Magic
 + Level 7.0 Invocations
 + Level 10.7 Evocations


You had 19 spell levels left.
You didn't know any spells.
Your spell library was empty.

Dungeon Overview and Level Annotations

Branches:
Dungeon (1/1)

Altars:
Cheibriados
Dithmenos
Elyvilon
Fedhas
Gozag
Hepliaklqana
Kikubaaqudgha
Makhleb
Nemelex Xobeh
Okawaru
Qazlal
Ru
Sif Muna
Trog
Uskayaw
Vehumet
Wu Jian
Xom
Yredelemnul
Zin
The Shining One
Jiyva
Lugonu

Shops:
D !


Innate Abilities, Weirdness & Mutations

You have very sharp teeth.
Your uncanny sense of smell can sniff out nearby items.
Your experience applies equally to all skills.


Message History

The kobold demonologist hits you with a +0 dagger. x2
* * * LOW HITPOINT WARNING * * *
You closely miss the kobold demonologist.
Your bite misses the kobold demonologist.
The kobold demonologist is severely wounded.
The iron imp hits you.
* * * LOW HITPOINT WARNING * * *
Unknown command.
You hit the kobold demonologist.
The kobold demonologist is lightly wounded.
The kobold demonologist closely misses you.
The kobold demonologist hits you with a +0 dagger.
* * * LOW HITPOINT WARNING * * *
You closely miss the kobold demonologist.
The kobold demonologist is severely wounded.
The iron imp hits you.
* * * LOW HITPOINT WARNING * * *
You hit the kobold demonologist but do no damage.
The kobold demonologist is severely wounded.
The kobold demonologist hits you with a +0 dagger.
* * * LOW HITPOINT WARNING * * *
The kobold demonologist casts a spell.
Unknown command.
Unknown command.
You hit the kobold demonologist but do no damage.
You bite the kobold demonologist, but do no damage.
The kobold demonologist is severely wounded.
The iron imp completely misses you.
The kobold demonologist mumbles some strange words.
The kobold demonologist hits you with a +0 dagger.
* * * LOW HITPOINT WARNING * * *
You hit the kobold demonologist but do no damage.
The kobold demonologist is severely wounded.
Unknown command.
Unknown command.
You hit the kobold demonologist.
Your bite misses the kobold demonologist.
The kobold demonologist is severely wounded.
The iron imp hits you!
You die...

######################
..').#.['..#__#5KK3..#∆∆
..#..'..#..'.5'.@#§..# ∆
####'#####'#__####...+ ∆
###..#...#)####§(##### ∆
__####..##.#§~§§c#∆∆
_____##'#_.+§§§..+
_.∩...'..._#§§~§c#∆∆
_..__##_.#'##+###
_____###+#(#∆∆∆∆ ∆
########.### ∆


You could see a soul eater (summoned), 2 kobold demonologists, an iron imp
(summoned) and a crimson imp (summoned).

Vanquished Creatures
  Sigmund (D)
  A floating eye (D)
  An ogre (D)
  A jelly (D)
  Ijyb (D)
5 creatures vanquished.

Vanquished Creatures (collateral kills)
  Sonja (D)
1 creature vanquished.

Grand Total: 6 creatures vanquished

Notes
Turn   | Place    | Note
-------+----------+-------------------------------------------
     0 | D        | zazu2006 the Gnoll Wanderer began the quest for the Orb.
     0 | D        | zazu2006 set off with the following items: a +2 short
                  | sword, a +0 mace, a wand of polymorph (5), a scroll of fog,
                  | a +0 leather armour, a potion of curing, a potion of heal
                  | wounds, a potion of haste, 2 potions of magic, a potion of
                  | berserk rage, a scroll of blinking.
     0 | D        | Reached XP level 1. HP: 13/13 MP: 1/1
     2 | D        | Noticed Ijyb
    28 | D        | Killed Ijyb
    29 | D        | Reached skill level 1 in Fighting
    29 | D        | Reached skill level 1 in Long Blades
    29 | D        | Reached skill level 1 in Axes
    29 | D        | Reached skill level 1 in Polearms
    29 | D        | Reached skill level 1 in Staves
    29 | D        | Reached skill level 1 in Ranged Weapons
    29 | D        | Reached skill level 1 in Throwing
    29 | D        | Reached skill level 1 in Armour
    29 | D        | Reached skill level 1 in Stealth
    29 | D        | Reached skill level 1 in Shields
    29 | D        | Reached skill level 1 in Unarmed Combat
    29 | D        | Reached skill level 1 in Spellcasting
    29 | D        | Reached skill level 1 in Conjurations
    29 | D        | Reached skill level 1 in Hexes
    29 | D        | Reached skill level 1 in Summonings
    29 | D        | Reached skill level 1 in Necromancy
    29 | D        | Reached skill level 1 in Translocations
    29 | D        | Reached skill level 1 in Transmutations
    29 | D        | Reached skill level 1 in Fire Magic
    29 | D        | Reached skill level 1 in Ice Magic
    29 | D        | Reached skill level 1 in Air Magic
    29 | D        | Reached skill level 1 in Earth Magic
    29 | D        | Reached skill level 1 in Poison Magic
    29 | D        | Reached XP level 2. HP: 9/22 MP: 1/4
    29 | D        | Reached XP level 3. HP: 11/27 MP: 1/5
    95 | D        | Noticed an ogre
   101 | D        | Killed an ogre
   102 | D        | Reached skill level 5 in Short Blades
   102 | D        | Reached skill level 9 in Evocations
   102 | D        | Reached XP level 4. HP: 4/35 MP: 5/8
   225 | D        | Noticed Sigmund
   238 | D        | Killed Sigmund
   239 | D        | Reached skill level 5 in Dodging
   239 | D        | Reached XP level 5. HP: 38/43 MP: 8/11
   239 | D        | Reached XP level 6. HP: 43/49 MP: 8/12
   275 | D        | Found a shimmering blue altar of Sif Muna.
   276 | D        | Found an ornate altar of the Wu Jian Council.
   277 | D        | Found a radiant altar of Vehumet.
   287 | D        | Reached skill level 5 in Invocations
   290 | D        | Became a worshipper of Vehumet
   446 | D        | Found a burning altar of Makhleb.
   446 | D        | Found a shimmering altar of Xom.
   446 | D        | Noticed a slime creature
   447 | D        | Found a viscous altar of Jiyva.
   447 | D        | Found a corrupted altar of Lugonu.
   461 | D        | Noticed Sonja
   467 | D        | Killed Sonja
   468 | D        | Reached skill level 5 in Conjurations
   468 | D        | Reached skill level 5 in Hexes
   468 | D        | Reached skill level 5 in Summonings
   468 | D        | Reached skill level 5 in Necromancy
   468 | D        | Reached skill level 5 in Translocations
   468 | D        | Reached skill level 5 in Transmutations
   468 | D        | Reached skill level 5 in Fire Magic
   468 | D        | Reached skill level 5 in Ice Magic
   468 | D        | Reached skill level 5 in Air Magic
   468 | D        | Reached skill level 5 in Earth Magic
   468 | D        | Reached skill level 5 in Poison Magic
   468 | D        | Reached skill level 10 in Evocations
   468 | D        | Reached XP level 7. HP: 31/58 MP: 12/16
   468 | D        | Reached XP level 8. HP: 34/64 MP: 12/17
   567 | D        | Found Fuprirof's Distillery.
   567 | D        | Found an ancient bone altar of Kikubaaqudgha.
   567 | D        | Found a stormy altar of Qazlal.
   567 | D        | Found a blossoming altar of Fedhas.
   567 | D        | Found a bloodstained altar of Trog.
   567 | D        | Found an iron altar of Okawaru.
   567 | D        | Found a glowing golden altar of the Shining One.
   567 | D        | Found a glowing silver altar of Zin.
   567 | D        | Found a white marble altar of Elyvilon.
   567 | D        | Noticed a yak
   568 | D        | Found a hazy altar of Hepliaklqana.
   568 | D        | Found a hide-covered altar of Uskayaw.
   568 | D        | Found a sacrificial altar of Ru.
   807 | D        | Found a basalt altar of Yredelemnul.
   807 | D        | Found a snail-covered altar of Cheibriados.
   807 | D        | Found a shadowy altar of Dithmenos.
   808 | D        | Found an opulent altar of Gozag.
   809 | D        | Found a sparkling altar of Nemelex Xobeh.
   827 | D        | Noticed a centaur warrior
   830 | D        | Noticed a centaur warrior
   841 | D        | Noticed a kobold demonologist
   842 | D        | Noticed a kobold demonologist
   845 | D        | Noticed a ynoxinul
   881 | D        | Noticed a rust devil
   881 | D        | HP: 2/65 [kobold demonologist/+0 dagger (4)]
   882 | D        | Noticed a soul eater
   883 | D        | Slain by an iron imp

Illustrated notes

Levels and vault maps discovered:
D:        dungeon_sprint_1 [red_sonja_temple_1, red_sonja_temple_small_1]

Skill      XL: |  1  2  3  4  5  6  7  8 |
---------------+-------------------------+-----
Fighting       | 1 3 4 6 |  6.4
Long Blades    | 1 3 4 6 |  6.4
Axes           | 1 3 4 6 |  6.4
Polearms       | 1 3 4 6 |  6.4
Staves         | 1 3 4 6 |  6.4
Ranged Weapons | 1 3 4 6 |  6.4
Throwing       | 1 3 4 6 |  6.4
Armour         | 1 3 4 6 |  6.4
Dodging        | 3 4 5 6 7 |  7.0
Stealth        | 1 3 4 6 |  6.4
Shields        | 1 3 4 6 |  6.4
Unarmed Combat | 1 3 4 6 |  6.4
Spellcasting   | 1 3 4 6 |  6.4
Conjurations   | 1 2 3 5 |  5.3
Hexes          | 1 2 3 5 |  5.3
Summonings     | 1 2 3 5 |  5.3
Necromancy     | 1 2 3 5 |  5.3
Translocations | 1 2 3 5 |  5.3
Transmutations | 1 2 3 5 |  5.3
Fire Magic     | 1 2 3 5 |  5.3
Ice Magic      | 1 2 3 5 |  5.3
Air Magic      | 1 2 3 5 |  5.3
Earth Magic    | 1 2 3 5 |  5.3
Poison Magic   | 1 2 3 5 |  5.3
Invocations    | 2 3 4 6 7 |  7.0
Short Blades   | 5 6 7 8 |  8.0
Maces & Flails | 7 8 9 |  9.2
Evocations     | 9 10 | 10.7

Action                     |  1- 3 |  4- 6 |  7- 9 || total
---------------------------+-------+-------+-------++-------
  Melee: Short sword       |    23 |    20 |    51 ||    94
         Bite              |     7 |     3 |    10 ||    20
         Punch             |       |     1 |     3 ||     4
         Halberd           |       |       |     5 ||     5
  Evoke: Wand              |       |     3 |       ||     3
    Use: Potion            |     2 |     1 |     1 ||     4
   Stab: Sleeping          |       |     1 |     1 ||     2
 Armour: Leather armour    |     1 |     2 |     5 ||     8
  Dodge: Dodged            |     7 |     5 |    28 ||    40

Table legend: (Time is in decaauts)
 A = Elapsed time spent in this place.
 B = Non-inter-level travel time spent in this place.
 C = Inter-level travel time spent in this place.
 D = Time resting spent in this place.
 E = Time spent auto-exploring this place.
 F = Levels seen in this place.
 G = Mean time per level.
                   A        B        C        D        E       F      G
               +--------+--------+--------+--------+--------+-----+--------+
         Total |    849 |    849 |      0 |    561 |      0 |   1 |  849.0 |
       Dungeon |    849 |    849 |      0 |    561 |      0 |   1 |  849.0 |
               +--------+--------+--------+--------+--------+-----+--------+

Top non-repeatable levels by time:
       D: 849 daAuts
